 Dungeon Crawl Stone Soup version 0.25-a0-796-gd415a3ffb0 (webtiles) character file.

Game seed: 7083265325309586895, levelgen mode: classic

14 stonewall the Chopper (level 2, 24/24 HPs)
             Began as a Mummy Berserker on Mar 31, 2019.
             Was a Follower of Trog.
             Quit the game on level 1 of the Dungeon on Nov 27, 2022.
             The game lasted 00:01:41 (382 turns).

stonewall the Chopper (Mummy Berserker)              Turns: 382, Time: 00:01:42

Health: 24/24      AC:  2    Str: 20    XL:     2   Next: 27%
Magic:  2/2        EV: 12    Int:  6    God:    Trog [*.....]
Gold:   9          SH:  0    Dex: 11    Spells: 1/1 levels left

rFire    x . .     SeeInvis .   a - +0 hand axe
rCold    + . .     Gourm    .   (no shield)
rNeg     + + +     Faith    .   b - +0 animal skin
rPois    ∞         Spirit   .   (no helmet)
rElec    .         Reflect  .   (no cloak)
rCorr    .         Harm     .   (no gloves)
MR       .....                  (no boots)
Stlth    +.........             (no amulet)
HPRegen  0.08/turn              (no ring)
MPRegen  0.08/turn              (no ring)

@: no status effects
A: no food or potions, fire vulnerability, cold resistance 1, negative energy
resistance 3, torment resistance, unbreathing
a: Renounce Religion


You were on level 1 of the Dungeon.
You worshipped Trog.
Trog was aware of your devotion.
You were not hungry.

You visited 1 branch of the dungeon, and saw 1 of its levels.

You collected 9 gold pieces.

Inventory:

Hand Weapons
 a - a +0 hand axe (weapon)
Armour
 b - a +0 animal skin (worn)
Scrolls
 c - a scroll of blinking {unknown}
 d - a scroll of noise {unknown}


   Skills:
 - Level 3.0 Fighting
 + Level 3.1 Axes
 - Level 1.5 Armour
 - Level 1.5 Dodging


You had one spell level left.
You didn't know any spells.
Your spell library was empty.

Dungeon Overview and Level Annotations

Branches:
Dungeon (1/15)

Altars:


Innate Abilities, Weirdness & Mutations

You do not eat or drink.
Your flesh is vulnerable to fire.
You are immune to poison.
Your flesh is cold resistant. (rC+)
You are immune to negative energy. (rN+++)
You are immune to unholy pain and torment.
You can survive without breathing.


Message History

You start resting.
HP restored.
A goblin comes into view.
The goblin shouts!
The goblin moves out of view.
The goblin is too close now for your liking.
A goblin is nearby!
A goblin is nearby!
Welcome back, stonewall the Mummy Berserker.
Trog says: Kill them all!
Press ? for a list of commands and other information.
Welcome back, stonewall the Mummy Berserker.
Trog says: Kill them all!
Press ? for a list of commands and other information.
Welcome back, stonewall the Mummy Berserker.
Trog says: Kill them all!
Press ? for a list of commands and other information.
Quiver which item? (- for none, * to show all) (? for menu, Esc to quit)
Okay, then.
Are you sure you want to abandon this character and quit the game? (Confirm with "yes".)

.# ...... .# ...... ..#
..... ..#..g. #.....#
.?.#.# #....# ## # #@.#..
.... #.####.##.# ..#
#......##.##..## #.#
####..###....... ...
#...........> ..%.#
#######.......# ###..#.. ..
.............####.....
......#######.###....##.#.#
...... #####÷# #..#.#....#


You could see a goblin.

Vanquished Creatures
  A bat (D:1)
  A giant cockroach (D:1)
  A goblin (D:1)
  2 hobgoblins (D:1)
  2 jackals (D:1)
  A frilled lizard (D:1)
  3 kobolds (D:1)
  2 rats (D:1)
13 creatures vanquished.

Notes
Turn   | Place    | Note
-------+----------+-------------------------------------------
     0 | D:1      | stonewall the Mummy Berserker began the quest for the Orb.
     0 | D:1      | Reached XP level 1. HP: 18/18 MP: 1/1
    83 | D:1      | Reached XP level 2. HP: 1/24 MP: 2/2
    97 | D:1      | HP: 1/24 [jackal (1)]
   382 | D:1      | Upgraded the game from 0.24-a0-226-gca05e9d to
                  | 0.24-a0-698-g60d090ba07
   382 | D:1      | Upgraded the game from 0.24-a0-698-g60d090ba07 to
                  | 0.25-a0-796-gd415a3ffb0
   382 | D:1      | Quit the game

Levels and vault maps discovered:
D:1:      wander_arrival_lonely_grave, layout_rooms

Skill      XL: |  1 |
---------------+----+-----
Axes           | 3 |  3.1
Fighting       | |  3.0
Armour         | |  1.5
Dodging        | |  1.5

Action                   || total
-------------------------++-------
Melee: Hand axe          ||    32
Armor: Animal skin       ||     5
Dodge: Dodged            ||    27

Table legend:
 A = Non-vault XP
 B = Vault XP
 C = Vault XP percentage of total XP
 D = Non-vault monster count
 E = Vault monster count
 F = Vault count percentage of total count
                 A         B        C        D         E       F
            +---------+---------+-------+---------+---------+-------
      Total |      20 |       0 |   0.0 |      13 |       0 |   0.0
            +---------+---------+-------+---------+---------+-------
        D:1 |      20 |       0 |   0.0 |      13 |       0 |   0.0
            +---------+---------+-------+---------+---------+-------
